[Event "2nd Sharjah Masters 2018"]
[Site "Sharjah"]
[Date "2018.04.17"]
[Round "7"]
[White "Dhulipalla Bala Chandra Prasa"]
[Black "Balasubramaniam H"]
[Result "1-0"]
[ECO "A20"]
[WhiteElo "2294"]
[BlackElo "2060"]
[Annotator "NA"]
[PlyCount "123"]
[EventDate "2018.??.??"]
[EventType "swiss"]
[EventCountry "UAE"]
[SourceTitle "playchess.com"]
[Source "ChessBase"]
[SourceQuality "1"]
[TimeControl "5400+30"]

1. c4 e5 2. g3 h5 3. d4 Nc6 4. d5 Nce7 5. Nf3 Ng6 6. h4 Nf6 7. Bg5 Be7 8. Nc3 d6 9. e4 Ng4 10. Be2 Nf8 11. Qd3 Nh7 12. Bxe7 Qxe7 13. Nd2 Bd7 14. f3 Nh6 15. O-O-O O-O-O 16. Qe3 Kb8 17. Nb5 Bxb5 18. cxb5 f5 19. Nc4 b6 20. Na3 Kc8 21. Nc2 Kd7 22. Nb4 Ra8 23. Kb1 Ke8 24. Nc6 Qf7 25. f4 exf4 26. Qxf4 fxe4 27. Qxe4+ Kf8 28. Nd4 Nf6 29. Ne6+ Kg8 30. Qd3 Nhg4 31. Rhf1 Ne5 32. Qf5 Re8 33. Ng5 Qe7 34. Bf3 Qd8 35. Rfe1 Re7 36. Bg2 Qe8 37. a4 Nfd7 38. Bh3 Nf6 39. Re2 Rh6 40. Qc2 Nfg4 41. Rf1 Qa8 42. Bg2 Nf6 43. Rf4 Qe8 44. Rf1 Qa8 45. Rf4 Qe8 46. Bh3 Nfg4 47. Ne6 Ng6 48. Rc4 Qf7 49. Bxg4 hxg4 50. Rf2 Qe8 51. Rxg4 Ne5 52. Rgf4 Nd7 53. Qxc7 Qg6+ 54. Qc2 Qxc2+ 55. Rxc2 Nf6 56. Rc8+ Kf7 57. Rf5 Rh5 58. Rf8+ Kg6 $18 59. Rxh5 Nxh5 60. g4 Nf6 61. h5+ Kh7 62. Ng5+ 1-0

[Event "2nd Sharjah Masters 2018"]
[Site "Sharjah"]
[Date "2018.04.17"]
[Round "7"]
[White "Pranav Vijay"]
[Black "Nikhil Magizhnan"]
[Result "1-0"]
[ECO "A45"]
[WhiteElo "2265"]
[BlackElo "2105"]
[Annotator "NA"]
[PlyCount "113"]
[EventDate "2018.??.??"]
[EventType "swiss"]
[EventCountry "UAE"]
[SourceTitle "playchess.com"]
[Source "ChessBase"]
[SourceQuality "1"]
[TimeControl "5400+30"]

1. d4 Nf6 2. Bf4 d5 3. Nc3 c6 4. e3 g6 5. h4 Bg7 6. h5 Nxh5 7. Rxh5 gxh5 8. Qxh5 Nd7 9. Qh2 Nf8 10. Bc7 Qd7 11. Nf3 Qe6 12. Bb8 Bd7 $15 13. Be5 f6 14. Bg3 Qf7 15. Be2 Ng6 16. O-O-O Bf5 17. Bb8 Qe6 18. Nd2 Qd7 19. Bg3 h5 20. Qg1 h4 21. Bh2 Bh6 22. Kb1 Be6 23. f3 Bf7 24. Nb3 e6 25. Nc5 Qc8 26. Qf2 Bf8 27. e4 Bxc5 28. dxc5 d4 29. Qxd4 e5 30. Qe3 Qc7 31. Rd6 Qe7 32. Bf1 Rd8 33. Qd2 Rxd6 34. cxd6 Qd7 35. Nd1 Ne7 36. f4 Nc8 37. fxe5 Qe6 38. Qd4 fxe5 39. d7+ Kd8 40. Bxe5 Qxa2+ 41. Kc1 Bh5 42. Ne3 Rf8 43. Bf6+ Ne7 44. Bxe7+ Kxe7 45. Qc5+ Kxd7 46. Qxf8 Bf7 47. Be2 Be6 48. Nf5 Qa1+ 49. Kd2 Bxf5 50. Qxf5+ Kc7 51. Qe5+ Kb6 52. Qd4+ Kc7 53. e5 Qh1 54. Qd6+ Kb6 55. Qd8+ Kc5 56. c3 Qg1 57. b4# {Kd5} 1-0

[Event "2nd Sharjah Masters 2018"]
[Site "Sharjah"]
[Date "2018.04.17"]
[Round "7"]
[White "Aditya Mittal"]
[Black "Polakhare Aryan"]
[Result "1-0"]
[ECO "E25"]
[WhiteElo "2212"]
[BlackElo "1966"]
[Annotator "NA"]
[PlyCount "141"]
[EventDate "2018.??.??"]
[EventType "swiss"]
[EventCountry "UAE"]
[SourceTitle "playchess.com"]
[Source "ChessBase"]
[SourceQuality "1"]
[TimeControl "5400+30"]

1. d4 Nf6 2. c4 e6 3. Nc3 Bb4 4. f3 d5 5. a3 Bxc3+ 6. bxc3 c5 7. cxd5 Nxd5 8. dxc5 Qa5 9. e4 Nf6 10. Be3 O-O 11. Qb3 Nfd7 12. a4 Qc7 13. Qa3 b6 14. a5 bxc5 15. a6 c4 16. Qa5 Qc6 17. Ne2 Qxa6 18. Nd4 Ne5 19. Kf2 Qxa5 20. Rxa5 Nbd7 21. Bf4 Nd3+ 22. Bxd3 cxd3 23. Bd6 Re8 24. Rb1 Rd8 25. Nc6 Re8 26. c4 f6 27. c5 e5 28. Ne7+ Kf7 29. Nd5 Rd8 30. c6 Nf8 31. Bxf8 Kxf8 32. c7 Re8 33. Nb6 axb6 34. Rxa8 Ke7 35. Rxb6 Kd7 36. Ra7 Re6 37. Rxe6 Kxe6 38. Ke3 Kd6 39. Kxd3 Kc6 40. Kc4 h6 41. Ra8 Be6+ 42. Kb4 Kb7 43. Re8 Bd7 44. Re7 Kxc7 45. Rxg7 Kd6 46. Rh7 Ke6 47. Rxh6 Be8 48. Kc5 Kf7 49. Rh7+ Kg6 50. Re7 Ba4 51. Ra7 Bd1 52. Kd6 Be2 53. Ke7 Bf1 54. g3 Be2 55. f4 Bd3 56. fxe5 fxe5 57. Ra4 Bc2 58. Rb4 Kg5 59. Ke6 Kg4 60. Kxe5 Kh3 61. Kf4 Bd1 62. e5 Bg4 63. Kg5 Bc8 64. Rh4+ Kg2 65. Kf6 Kf3 66. e6 Bxe6 67. Kxe6 Kg2 68. g4 Kg1 69. g5 Kg2 70. g6 Kg1 71. Rg4+ 1-0

[Event "2nd Sharjah Masters 2018"]
[Site "Sharjah"]
[Date "2018.04.17"]
[Round "7"]
[White "Bhambure, Shantanu"]
[Black "Rajdeep Sarkar"]
[Result "1-0"]
[ECO "A40"]
[WhiteElo "2155"]
[BlackElo "2393"]
[Annotator "NA"]
[PlyCount "139"]
[EventDate "2018.??.??"]
[EventType "swiss"]
[EventCountry "UAE"]
[SourceTitle "playchess.com"]
[Source "ChessBase"]
[SourceQuality "1"]
[TimeControl "5400+30"]

1. d4 e6 2. c4 b6 3. a3 Bb7 4. Nc3 f5 5. d5 Nf6 6. g3 Na6 {[%emt 0:03:04] A40: Unusual replies to 1 d4} (6... Bd6 7. Bg2 a5 8. Nh3 O-O 9. O-O Na6 10. e4 Be5 11. exf5 Bxc3 12. bxc3 exf5 13. Be3 Ne4 14. Bxe4 fxe4 {1-0 (36) Navara,D (2737)-Hou,Y (2666) Biel 2017}) 7. Nh3 Bd6 8. Bf4 $146 ({Predecessor:} 8. Bg2 O-O 9. O-O Nc5 10. Qc2 Qe7 11. Be3 Nce4 12. Rad1 Nxc3 13. Qxc3 {½-½ (52) Laznicka,V (2601)-Langrock,H (2398) Liverpool 2008}) 8... e5 9. Bc1 c6 10. Bg2 Qe7 11. e4 f4 12. gxf4 exf4 13. Bxf4 Bxf4 14. Nxf4 O-O 15. O-O Nxe4 16. Nxe4 Rxf4 17. d6 Qh4 18. Qd3 Raf8 19. Rae1 Nc5 20. Nxc5 bxc5 21. Re4 a5 22. a4 Rxe4 23. Bxe4 Rf6 24. f3 Rh6 25. Qd2 Qf6 26. Rd1 Qe5 27. b3 Kf7 28. Kh1 Kf8 29. Kg1 Rh4 30. Qf2 Qf4 31. Qg3 g5 32. Kg2 Kf7 33. Qxf4+ gxf4 34. Bf5 Bc8 35. Re1 Rh6 36. Re7+ Kf8 37. Rxh7 Rxh7 38. Bxh7 Kf7 39. h4 Ke6 40. h5 Kxd6 41. h6 Ke7 42. Bf5 Kf7 43. Kh3 Ba6 44. h7 Kg7 45. Bxd7 Kxh7 46. Kg4 Kg6 47. Kxf4 Kf6 48. Bxc6 Bc8 49. Ke4 Be6 50. Bb7 Bf7 51. Bc8 Bg8 52. Bh3 Bf7 53. f4 Bg8 54. Bg4 Bf7 55. Bc8 Bg8 56. Bb7 Be6 57. Bc6 Bg8 58. f5 Bf7 59. Bd5 Bh5 60. Be6 Bd1 61. Kd5 Bxb3 62. Bd7 Bc2 63. Kxc5 Ke7 64. Bb5 Bxf5 65. Kb6 Kd8 66. Kb7 Be4+ 67. Kb8 Ke7 68. c5 Bf5 69. c6 Kd6 70. c7 1-0

[Event "2nd Sharjah Masters 2018"]
[Site "Sharjah"]
[Date "2018.04.17"]
[Round "7"]
[White "Ajay Karthikeyan"]
[Black "Arjun Kalyan"]
[Result "0-1"]
[ECO "A45"]
[WhiteElo "2127"]
[BlackElo "2397"]
[Annotator "NA"]
[PlyCount "74"]
[EventDate "2018.??.??"]
[EventType "swiss"]
[EventCountry "UAE"]
[SourceTitle "playchess.com"]
[Source "ChessBase"]
[SourceQuality "1"]
[TimeControl "5400+30"]

1. d4 Nf6 2. Bf4 d5 3. e3 c5 4. c3 Nc6 5. Nd2 Bf5 6. Qb3 Qd7 7. Ngf3 c4 8. Qd1 e6 9. Be2 b5 10. O-O Bd6 11. Ne5 Bxe5 12. Bxe5 Nxe5 13. dxe5 Ne4 14. Nf3 Nc5 15. Nd4 Bg6 16. f4 a5 17. g4 Be4 18. Qe1 Rb8 19. f5 Rb6 20. Qh4 Qc7 21. Qg3 Nd7 22. fxe6 fxe6 23. Rf4 Qxe5 24. g5 h6 25. Raf1 hxg5 26. Rg4 Qxg3+ 27. Rxg3 Rf8 28. Rxg5 Rxf1+ 29. Bxf1 Kf7 30. Bh3 Nc5 31. Kf1 b4 32. cxb4 axb4 33. Bg2 Ra6 34. Bxe4 Nxe4 35. Rg2 Rxa2 36. Re2 b3 37. Ke1 Ra1# 0-1

[Event "2nd Sharjah Masters 2018"]
[Site "Sharjah"]
[Date "2018.04.17"]
[Round "7"]
[White "Sun, Chao"]
[Black "El Jawich, Amro"]
[Result "1/2-1/2"]
[ECO "A04"]
[WhiteElo "2041"]
[BlackElo "2254"]
[Annotator "NA"]
[PlyCount "101"]
[EventDate "2018.??.??"]
[EventType "swiss"]
[EventCountry "UAE"]
[SourceTitle "playchess.com"]
[Source "ChessBase"]
[SourceQuality "1"]
[TimeControl "5400+30"]

1. Nf3 d6 2. d4 g6 3. g3 Bg7 4. Bg2 Nf6 5. b3 c5 6. Bb2 cxd4 7. Nxd4 d5 8. O-O O-O 9. Nf3 Nc6 {A49: 1 d4 Nf6 2 Nf3 g6 3 g3: Anti-King's Indian systems} 10. Nbd2 (10. Ne5 Qd6 11. Nxc6 bxc6 12. c4 Rd8 13. cxd5 cxd5 14. Nc3 Ba6 15. Qd2 Rac8 16. Rfd1 d4 17. Ne4 {0-1 (36) Saraci,N (2393)-Ziska,H (2545) Heraklio 2017}) 10... Re8 11. Ne5 Qc7 12. Nxc6 bxc6 13. c4 e5 14. cxd5 cxd5 15. Rc1 Qb8 $146 ({Predecessor:} 15... Qd7 16. Nc4 e4 17. Ne5 {0-1 (55) Kosin,J (2058)-Visser,D (2115) Niederrhein 2005}) 16. Re1 a5 17. Nb1 a4 18. Nc3 axb3 19. axb3 $17 d4 20. Nd5 Ra2 21. Ba1 Be6 22. e4 Rd8 23. b4 Nxd5 24. exd5 Bxd5 25. Bxd5 Rxd5 26. Qb3 Qa8 27. b5 Ra5 28. Rc8+ Qxc8 29. Qxd5 Qa8 30. Qxa8+ Rxa8 31. f4 e4 32. b6 f5 33. b7 Rb8 34. Rb1 d3 35. Bxg7 Kxg7 36. Kf2 Kf7 37. Ke3 Ke6 38. g4 Kd6 39. gxf5 gxf5 40. Rb5 Kc6 41. Rxf5 Rxb7 42. Re5 Rd7 43. Kd2 Rd4 44. f5 Kd6 45. Re8 Kd7 46. Re5 Rc4 47. f6 Rc2+ 48. Kd1 Rf2 49. Rxe4 Rxf6 50. Rd4+ Rd6 51. Rxd6+ 1/2-1/2

[Event "2nd Sharjah Masters 2018"]
[Site "Sharjah"]
[Date "2018.04.17"]
[Round "7"]
[White "Gagare, Shalmali"]
[Black "Mohannad, Farhan"]
[Result "0-1"]
[ECO "A20"]
[WhiteElo "2039"]
[BlackElo "2219"]
[Annotator "NA"]
[PlyCount "78"]
[EventDate "2018.??.??"]
[EventType "swiss"]
[EventCountry "UAE"]
[SourceTitle "playchess.com"]
[Source "ChessBase"]
[SourceQuality "1"]
[TimeControl "5400+30"]

1. c4 e5 2. g3 d6 3. Bg2 g6 4. Nc3 Bg7 5. Nf3 Ne7 6. d3 O-O 7. O-O f5 8. Rb1 h6 9. Qc2 g5 10. b4 Ng6 11. b5 Nd7 12. Nd5 Nc5 13. Bb2 g4 14. Nd2 h5 15. Rbd1 a6 16. d4 exd4 17. Nb3 axb5 18. cxb5 d3 19. exd3 Rxa2 20. Nc3 Rxb2 21. Qxb2 Na4 22. Qc2 Nxc3 23. Rc1 Re8 24. Rfe1 Kh7 25. Qd2 Rxe1+ 26. Rxe1 Nxb5 27. d4 c6 28. h3 Qf6 29. d5 c5 30. Re8 c4 31. Na5 c3 32. Qc2 Nd4 33. Qd3 Bd7 34. Re1 Bb5 35. Nc4 Ne5 36. Qxc3 Bxc4 37. Kh1 gxh3 38. Qxd4 hxg2+ 39. Kxg2 Nf3 0-1

[Event "2nd Sharjah Masters 2018"]
[Site "Sharjah"]
[Date "2018.04.17"]
[Round "7"]
[White "Ahmed, Fareed"]
[Black "Zhu, Yilun"]
[Result "0-1"]
[ECO "B43"]
[WhiteElo "1989"]
[BlackElo "2195"]
[Annotator "NA"]
[PlyCount "35"]
[EventDate "2018.??.??"]
[EventType "swiss"]
[EventCountry "UAE"]
[SourceTitle "playchess.com"]
[Source "ChessBase"]
[SourceQuality "1"]
[TimeControl "5400+30"]

1. e4 c5 2. Nf3 e6 3. Nc3 a6 4. d4 cxd4 5. Nxd4 Qc7 6. Bd3 Bc5 7. Nde2 b5 8. Bf4 d6 9. Ng3 Ne7 10. Qf3 Ng6 11. O-O-O Nc6 12. Nh5 O-O 13. Bh6 gxh6 14. e5 d5 15. Nxd5 exd5 16. Qf6 Qxe5 17. Qxc6 Be6 18. Bf1 0-1

[Event "2nd Sharjah Masters 2018"]
[Site "Sharjah"]
[Date "2018.04.18"]
[Round "8"]
[White "Rajdeep Sarkar"]
[Black "Shanya Mishra"]
[Result "1-0"]
[ECO "A05"]
[WhiteElo "2393"]
[BlackElo "1922"]
[Annotator "NA"]
[PlyCount "97"]
[EventDate "2018.??.??"]
[EventType "swiss"]
[EventCountry "UAE"]
[SourceTitle "playchess.com"]
[Source "ChessBase"]
[SourceQuality "1"]
[TimeControl "5400+30"]

1. Nf3 Nf6 2. g3 d5 3. Bg2 e6 4. O-O Be7 5. b3 O-O 6. c4 c5 7. Bb2 Nc6 8. e3 b6 9. Qe2 Bb7 10. Rd1 Qc7 11. Nc3 Rad8 12. Rac1 dxc4 13. bxc4 Qb8 14. Ne1 Qa8 15. f4 Ne8 $11 16. g4 Nd6 17. d3 Rd7 18. Nf3 f6 19. Nd2 Rfd8 20. a3 f5 21. gxf5 Nxf5 22. Nf3 Bf6 23. Na4 Kh8 24. Bxf6 gxf6 25. Kf2 Rg7 26. Bh3 Rdg8 27. Rg1 Rxg1 28. Rxg1 Rxg1 29. Nxg1 Nce7 30. Qb2 Kg7 31. Ne2 Kf7 32. Ng3 Bc6 33. Nc3 Nxg3 34. hxg3 f5 35. Nb5 Qb8 36. a4 a6 37. Nc3 Qd6 38. Qe2 Ng6 39. Bf1 Qf8 40. Qb2 Qd8 41. Be2 e5 42. fxe5 Nxe5 43. Nd5 Nd7 44. Bf3 Bxd5 45. Bxd5+ Kg6 46. a5 b5 47. cxb5 Qxa5 48. Bc6 Nb6 49. Be8+ 1-0

[Event "2nd Sharjah Masters 2018"]
[Site "Sharjah"]
[Date "2018.04.18"]
[Round "8"]
[White "Dhulipalla Bala Chandra Prasa"]
[Black "Sidhant, Mohapatra"]
[Result "1/2-1/2"]
[ECO "A40"]
[WhiteElo "2294"]
[BlackElo "2382"]
[Annotator "NA"]
[PlyCount "75"]
[EventDate "2018.??.??"]
[EventType "swiss"]
[EventCountry "UAE"]
[SourceTitle "playchess.com"]
[Source "ChessBase"]
[SourceQuality "1"]
[TimeControl "5400+30"]

1. d4 Nf6 2. c4 e6 3. g3 d5 4. Nf3 Bb4+ 5. Bd2 Bd6 6. Nc3 c6 7. Qc2 O-O 8. e4 dxe4 9. Nxe4 Nxe4 10. Qxe4 Re8 11. Bd3 f5 12. Qe2 c5 13. O-O Nc6 14. dxc5 $14 Bxc5 15. Bg5 Be7 16. Bxe7 Qxe7 17. Ne5 Qd6 18. Nxc6 Qxc6 19. Rfe1 e5 20. Rad1 e4 21. Qe3 Be6 22. Be2 Bf7 23. Rd4 Rad8 24. Red1 Rxd4 25. Qxd4 h6 26. Qd7 Qb6 27. Qd4 Qa5 28. a3 b6 29. Qe3 Qe5 30. Qd4 Qe7 31. Qd7 Qf6 32. Qd4 Qg5 33. h4 Qg6 34. Qd6 Re6 35. Qb8+ Re8 36. Qd6 Re6 37. Qb8+ Re8 38. Qd6 1/2-1/2

[Event "2nd Sharjah Masters 2018"]
[Site "Sharjah"]
[Date "2018.04.18"]
[Round "8"]
[White "Srija, Seshadri"]
[Black "Gagare, Shalmali"]
[Result "1-0"]
[ECO "B33"]
[WhiteElo "2264"]
[BlackElo "2039"]
[Annotator "NA"]
[PlyCount "121"]
[EventDate "2018.??.??"]
[EventType "swiss"]
[EventCountry "UAE"]
[SourceTitle "playchess.com"]
[Source "ChessBase"]
[SourceQuality "1"]
[TimeControl "5400+30"]

1. e4 c5 2. Nf3 Nc6 3. d4 cxd4 4. Nxd4 Nf6 5. Nc3 e5 6. Ndb5 d6 7. Bg5 a6 8. Na3 b5 9. Nd5 Be7 10. Bxf6 Bxf6 11. c4 b4 12. Nc2 a5 13. g3 O-O 14. Bg2 Bg5 15. O-O Ne7 16. b3 Bb7 17. Nxe7+ Qxe7 18. Qd3 Qc7 19. Rad1 Rad8 20. f4 exf4 21. gxf4 Bf6 22. Ne3 Rfe8 23. Nf5 Re6 24. Rf2 g6 25. Nh6+ Kg7 26. f5 Ree8 27. Ng4 g5 28. Qh3 h5 29. Nxf6 Kxf6 30. Qxh5 Rh8 31. Qe2 Qe7 32. Bf3 Qe5 33. Rg2 Rh4 34. Qe3 Rf4 35. Re2 Re8 36. Qd3 Rd8 37. Bg2 Ke7 38. Qg3 f6 39. Ree1 Kf7 40. Qe3 Rh4 41. Qg3 Rf4 42. Rf1 Bxe4 43. Rxf4 gxf4 44. Qg6+ Kf8 45. Bxe4 Rd7 46. Qh6+ Rg7+ 47. Kf1 Qxe4 48. Qxf6+ Kg8 49. Qe6+ Qxe6 50. fxe6 Ra7 51. Rxd6 Kf8 52. Rd8+ Ke7 53. Rd7+ Rxd7 54. exd7 Kxd7 55. Ke2 Kd6 56. Kd3 Ke5 57. h4 Kf5 58. h5 Kg4 59. h6 f3 60. h7 f2 61. Ke4 1-0

[Event "2nd Sharjah Masters 2018"]
[Site "Sharjah"]
[Date "2018.04.18"]
[Round "8"]
[White "El Jawich, Amro"]
[Black "Aditya Varun Gampa"]
[Result "1-0"]
[ECO "B23"]
[WhiteElo "2254"]
[BlackElo "1696"]
[Annotator "NA"]
[PlyCount "87"]
[EventDate "2018.??.??"]
[EventType "swiss"]
[EventCountry "UAE"]
[SourceTitle "playchess.com"]
[Source "ChessBase"]
[SourceQuality "1"]
[TimeControl "5400+30"]

1. e4 c5 2. Nc3 d6 3. f4 g6 4. d4 cxd4 5. Qxd4 Nf6 6. Bd3 Nc6 7. Qf2 Bg7 8. Nf3 O-O 9. h3 Nb4 10. O-O b6 11. Be3 Nxd3 12. cxd3 Ba6 13. Rad1 Rc8 14. f5 Nd7 15. Qh4 $16 Bxc3 16. bxc3 Rxc3 17. Bd4 Rxd3 18. Rxd3 Bxd3 19. Qh6 e5 20. fxe6 f6 21. Ng5 Qe7 22. exd7 Bxf1 23. Ne6 Qxe6 24. Qxf8+ Kxf8 25. d8=Q+ Kg7 26. Qc7+ Kg8 27. Kxf1 Qxe4 28. Qd8+ Kf7 29. Qxf6+ Ke8 30. Qxd6 Qb1+ 31. Kf2 Qxa2+ 32. Kg1 a5 33. Bxb6 a4 34. Qd8+ Kf7 35. Qd7+ Kg8 36. Qe8+ Kg7 37. Bd4+ Kh6 38. Qf8+ Kh5 39. Qf3+ Kh6 40. Qf4+ g5 41. Qf6+ Kh5 42. g4+ Kh4 43. Bf2+ Kxh3 44. Qf3# 1-0

[Event "2nd Sharjah Masters 2018"]
[Site "Sharjah"]
[Date "2018.04.18"]
[Round "8"]
[White "Mohannad, Farhan"]
[Black "Sadhwani, Raunak"]
[Result "0-1"]
[ECO "E92"]
[WhiteElo "2219"]
[BlackElo "2358"]
[Annotator "NA"]
[PlyCount "108"]
[EventDate "2018.??.??"]
[EventType "swiss"]
[EventCountry "UAE"]
[SourceTitle "playchess.com"]
[Source "ChessBase"]
[SourceQuality "1"]
[TimeControl "5400+30"]

1. d4 Nf6 2. c4 g6 3. Nc3 Bg7 4. e4 d6 5. Nf3 O-O 6. Be2 e5 7. d5 a5 8. Bg5 h6 9. Bh4 g5 10. Bg3 Nh5 11. O-O {[%emt 0:00:16] E92: King's Indian: Classical: 6 Be2 e5: 7 dxe5, 7 Be3 and Petrosian System without 7...Nbd7} (11. h4 g4 12. Nd2 Nxg3 13. fxg3 h5 14. Qc2 Na6 15. O-O-O Qf6 16. Rhf1 Qh6 17. Kb1 Bd7 18. a3 a4 {0-1 (60) Aronian,L (2785)-Grischuk,A (2737) Doha 2016}) 11... Nf4 12. Nd2 Qe8 13. Rb1 $146 ({Find the theoretical novelty and annotate with similar games:} 13. Bg4 Bd7 14. Bxd7 Qxd7 15. Qc2 h5 16. f3 Kh8 17. Kh1 Rg8 {1-0 (58) Haydon,R (2220)-Buckley,S (2110) Hanham 1997}) 13... f5 14. exf5 Bxf5 15. Nde4 Qg6 16. f3 Nd7 17. Rc1 h5 18. Nb5 Rac8 ({But not} 18... Bxe4 $6 19. fxe4 Qxe4 20. Bxf4 $11) 19. Bxf4 exf4 20. Nd4 Bxe4 21. fxe4 Bxd4+ 22. Qxd4 b6 23. Qd2 Ne5 24. a3 Rf7 $19 ({But not} 24... Qxe4 25. Bxh5 Nxc4 26. Qe2 $17) 25. b4 axb4 26. axb4 Rcf8 27. c5 bxc5 28. bxc5 g4 29. cxd6 cxd6 30. Ba6 f3 31. Rc8 h4 32. Qe3 Kg7 33. Rxf8 Rxf8 34. Qd4 Rf4 35. Qa7+ Rf7 36. Qd4 Rc7 37. Rf2 Kh7 38. g3 Qh6 39. Bf1 Rc1 40. Qa7+ Kg6 41. Qe7 Qe3 42. Qxd6+ Kf7 43. Qe6+ Kf8 44. Qf6+ Nf7 45. Qf4 Qxf4 46. gxf4 Nd6 47. h3 g3 48. Rxf3 Nxe4 49. Rd3 Nd6 50. Re3 Nf5 51. Rd3 Re1 52. d6 Ne3 53. Rxe3 Rxe3 54. Bb5 Rf3 0-1

[Event "2nd Sharjah Masters 2018"]
[Site "Sharjah"]
[Date "2018.04.18"]
[Round "8"]
[White "Zhu, Yilun"]
[Black "Assaubayeva, Bibisara"]
[Result "1-0"]
[ECO "C78"]
[WhiteElo "2195"]
[BlackElo "2359"]
[Annotator "NA"]
[PlyCount "153"]
[EventDate "2018.??.??"]
[EventType "swiss"]
[EventCountry "UAE"]
[SourceTitle "playchess.com"]
[Source "ChessBase"]
[SourceQuality "1"]
[TimeControl "5400+30"]

1. e4 e5 2. Nf3 Nc6 3. Bb5 a6 4. Ba4 Nf6 5. O-O b5 6. Bb3 Bb7 7. d3 Bc5 8. a4 d6 9. Nc3 b4 10. Ne2 Na5 11. Ba2 b3 12. Bd2 bxa2 13. Bxa5 O-O 14. c4 Ne8 15. Ng3 g6 16. Bc3 Ng7 17. b4 Ba7 18. d4 exd4 19. Nxd4 h5 20. Re1 h4 21. Ngf5 gxf5 22. Nxf5 f6 23. Qg4 Rf7 24. Nh6+ Kf8 25. Qg6 Qe7 26. Nxf7 Qxf7 27. Qxf6 Qxf6 28. Bxf6 h3 29. Rxa2 Nh5 30. Bg5 Kf7 31. Be3 Bxe4 32. g4 Rg8 33. f3 Bxe3+ 34. Rxe3 Bb7 35. Rae2 Nf4 36. Re1 Kf6 37. Kf2 Kg5 38. Kg3 Rf8 39. Rc3 Ng6 40. c5 Ne5 41. cxd6 cxd6 42. Ree3 Rf7 43. b5 axb5 44. axb5 Bd5 45. Rc5 Ba8 46. f4+ Kg6 47. Rc8 Bb7 48. Re8 Nc4 49. R3e6+ Kg7 50. R6e7 Bg2 51. Kh4 Rxe7 52. Rxe7+ Kf6 53. Re8 d5 54. Kg3 d4 55. Rd8 Ne3 56. Rd6+ Ke7 57. Rxd4 Nf1+ 58. Kf2 Nxh2 59. f5 Kf6 60. Rd6+ Kg5 61. Rg6+ Kh4 62. f6 Bd5 63. Rh6+ Kxg4 64. b6 Kg5 65. b7 Ng4+ 66. Kg3 Bxb7 67. f7 Nxh6 68. f8=Q Nf5+ 69. Kxh3 Be4 70. Qb8 Bf3 71. Qe5 Bg4+ 72. Kg2 Kh5 73. Qf6 Nh4+ 74. Kg3 Ng6 75. Qd4 Bf5 76. Qe3 Nf8 77. Qc5 1-0

[Event "2nd Sharjah Masters 2018"]
[Site "Sharjah"]
[Date "2018.04.18"]
[Round "8"]
[White "Abou El Zein, Eid Mahmoud"]
[Black "Soumya, Swaminathan"]
[Result "1-0"]
[ECO "A01"]
[WhiteElo "2156"]
[BlackElo "2354"]
[Annotator "NA"]
[PlyCount "91"]
[EventDate "2018.??.??"]
[EventType "swiss"]
[EventCountry "UAE"]
[SourceTitle "playchess.com"]
[Source "ChessBase"]
[SourceQuality "1"]
[TimeControl "5400+30"]

1. b3 Nf6 2. Bb2 e6 3. e3 d5 4. Nf3 Bd6 5. d4 O-O 6. Nbd2 Qe7 7. Bd3 Ba3 8. Bxa3 Qxa3 9. Ne5 c5 10. c3 Qb2 11. Rc1 Qxa2 12. O-O Qa5 13. f4 Nbd7 14. g4 Qd8 15. g5 Ne4 16. Nxe4 dxe4 17. Bxe4 Nxe5 18. Bxh7+ Kxh7 19. Qh5+ Kg8 20. fxe5 Qc7 21. Rf4 g6 22. Qh6 f5 23. gxf6 Qh7 24. Qg5 Kf7 25. Rh4 Qg8 26. Rh6 Bd7 27. Kf2 Ke8 28. Rxg6 Qh7 29. h4 Kd8 30. dxc5 Kc7 31. Rd1 Rad8 32. Rd6 Rh8 33. c6 bxc6 34. Rg7 Qxh4+ 35. Qxh4 Rxh4 36. Rxe6 Kb6 37. Rd6 Kc7 38. Re7 Rh6 39. c4 c5 40. Rd5 Kc6 41. f7 Rhh8 42. e6 Bxe6 43. Rxe6+ Kc7 44. Re7+ Kc8 45. Rxc5+ Kb8 46. Rcc7 1-0

[Event "2nd Sharjah Masters 2018"]
[Site "Sharjah"]
[Date "2018.04.18"]
[Round "8"]
[White "Ma, Lin"]
[Black "Ahmed, Fareed"]
[Result "1-0"]
[ECO "A05"]
[WhiteElo "2156"]
[BlackElo "1989"]
[Annotator "NA"]
[PlyCount "87"]
[EventDate "2018.??.??"]
[EventType "swiss"]
[EventCountry "UAE"]
[SourceTitle "playchess.com"]
[Source "ChessBase"]
[SourceQuality "1"]
[TimeControl "5400+30"]

1. Nf3 Nf6 2. g3 d5 3. Bg2 Bg4 4. O-O e6 5. d3 Nbd7 6. Nbd2 Bd6 7. h3 Bh5 8. e4 O-O 9. Qe2 dxe4 10. dxe4 Bc5 11. e5 Nd5 12. Ne4 Bxf3 13. Bxf3 Bd4 14. Rd1 Bxe5 15. c4 N5b6 16. Nc5 Qe8 17. Nxd7 Nxd7 18. Rxd7 Qxd7 19. Qxe5 Rad8 20. Be3 b6 21. a4 Qe7 22. a5 f6 23. Qc3 e5 24. axb6 axb6 25. c5 Qe6 26. cxb6 cxb6 27. Qc7 Rd7 28. Qxb6 Qxb6 29. Bxb6 Rb8 30. Ra8 Rxa8 31. Bxa8 Rd1+ 32. Kg2 Rb1 33. Bd5+ Kh8 34. b3 g6 35. Bc5 Rd1 36. Bc4 Rc1 37. Be3 Rb1 38. Bh6 e4 39. h4 Rb2 40. g4 g5 41. hxg5 e3 42. gxf6 Rxf2+ 43. Kg3 Rxf6 44. Bxe3 1-0

[Event "2nd Sharjah Masters 2018"]
[Site "Sharjah"]
[Date "2018.04.18"]
[Round "8"]
[White "Maroroa, Sue"]
[Black "Hejazipour, Mitra"]
[Result "1/2-1/2"]
[ECO "C45"]
[WhiteElo "2102"]
[BlackElo "2304"]
[Annotator "NA"]
[PlyCount "50"]
[EventDate "2018.??.??"]
[EventType "swiss"]
[EventCountry "UAE"]
[SourceTitle "playchess.com"]
[Source "ChessBase"]
[SourceQuality "1"]
[TimeControl "5400+30"]

1. e4 e5 2. Nf3 Nc6 3. d4 exd4 4. Nxd4 Nf6 5. Nxc6 bxc6 6. e5 Qe7 7. Qe2 Nd5 8. c4 Nb6 9. Nc3 Bb7 10. Bd2 O-O-O 11. O-O-O Kb8 12. h4 Re8 13. Re1 Qe6 14. Qe4 g6 15. f4 h5 16. Rh3 Be7 17. Qd3 Ba6 18. b3 Ba3+ 19. Kc2 Bb4 20. a3 Bxc3 21. Qxc3 Qf5+ 22. Bd3 Qg4 23. Be2 Qf5+ 24. Bd3 Qg4 25. Be2 Qf5+ 1/2-1/2

[Event "2nd Sharjah Masters 2018"]
[Site "Sharjah"]
[Date "2018.04.18"]
[Round "8"]
[White "Al Hosani, Omran"]
[Black "Ashwath, R."]
[Result "1/2-1/2"]
[ECO "A13"]
[WhiteElo "2101"]
[BlackElo "2250"]
[Annotator "NA"]
[PlyCount "110"]
[EventDate "2018.??.??"]
[EventType "swiss"]
[EventCountry "UAE"]
[SourceTitle "playchess.com"]
[Source "ChessBase"]
[SourceQuality "1"]
[TimeControl "5400+30"]

1. c4 e6 2. g3 d5 3. Bg2 Nf6 4. Nf3 dxc4 5. Qa4+ c6 6. Qxc4 b5 7. Qc2 Bb7 8. d4 Nbd7 9. Nc3 c5 10. dxc5 Bxc5 11. O-O Rc8 12. Qd1 a6 13. Bf4 Qb6 14. Ng5 Bxg2 15. Kxg2 Bd4 16. Nge4 e5 17. Be3 O-O 18. Qd3 Bxe3 19. fxe3 b4 20. Nxf6+ Nxf6 21. Rxf6 Qxf6 22. Nd5 Qd6 23. Rd1 Kh8 24. e4 Qc5 25. b3 a5 26. Ne3 Qc3 27. Nc4 a4 28. Qxc3 bxc3 29. Rc1 Rfd8 30. Rxc3 Rd2 31. Nxd2 Rxc3 32. bxa4 Rc2 33. Nf3 Rxe2+ 34. Kf1 Rxa2 35. Nxe5 Kg8 36. Nf3 Rxa4 37. Nd2 f6 38. Ke2 Kf7 39. Ke3 Ke6 40. Nf3 Ra3+ 41. Ke2 g5 42. h3 Ra2+ 43. Ke3 Rg2 44. Nd4+ Ke5 45. Nf3+ Kd6 46. g4 Rg3 47. Kf2 Rxh3 48. e5+ Ke6 49. exf6 Kxf6 50. Kg2 Rxf3 51. Kxf3 Ke5 52. Ke3 h6 53. Kf3 Kd4 54. Kg3 Ke4 55. Kh3 Kf4 1/2-1/2